 Dungeon Crawl Stone Soup version 0.31-a0-45-g5f0c076935 (webtiles) character file.

Game seed: 4774959312844865496

4095 Zigma the Martial Artist (level 10, -8/80 HPs)
             Began as a Purple Draconian Monk on May 21, 2023.
             Was a High Priest of Yredelemnul.
             Killed by an exploding kobold brigand zombie (12 damage)
             ... ignited by their inner flame
             ... on level 8 of the Dungeon.
             The game lasted 00:12:58 (8778 turns).

Zigma the Martial Artist (Purple Draconian Monk)    Turns: 8778, Time: 00:12:59

Health: -8/80      AC:  8    Str: 19    XL:     10   Next: 5%
Magic:  6/11       EV: 14    Int: 15    God:    Yredelemnul [*****.]
Gold:   527        SH:  5    Dex: 14    Spells: 3/11 levels left

rFire   . .          .
                       - Unarmed
rCold   . . .        b - orb {light}
rNeg    . . .        (body armour unavailable)
rPois   .            (helmet currently unavailable)
rElec   .            t - +0 cloak
rCorr   .            (no gloves)
SInv    +            h - melded +1 pair of boots
Will    +....        l - amulet of reflection
Stlth   +            k - +6 ring of strength
HPRegen 0.33/turn    d - ring of see invisible
MPRegen 0.12/turn

%: reflection
@: appendages (expiring), wereblooded, very slightly contaminated, glowing
A: horns 2, talons 2, breathe power, AC +7, unfitting armour, cold-blooded
a: Breathe Dispelling Energy, End Transformation, Renounce Religion, Recall
Undead Harvest, Dark Bargain, Drain Life, Bind Soul


You were on level 8 of the Dungeon.
You worshipped Yredelemnul.
Yredelemnul was noncommittal.
You had temporarily grown beastly horns and talons.
You visited 2 branches of the dungeon, and saw 9 of its levels.
You also visited: Ossuary.

You collected 527 gold pieces.

Inventory:

Missiles
 s - a throwing net
Armour
 b - an orb of light (worn)
 h - a +1 pair of boots (melded)
 t - a +0 cloak (worn)
Jewellery
 d - a ring of see invisible (right hand)
 k - a +6 ring of strength (left hand)
 l - an amulet of reflection (around neck)
 m - a ring of willpower
Wands
 g - a wand of flame (16)
 q - a wand of paralysis (6)
 C - a wand of digging (5)
Scrolls
 e - 5 scrolls of enchant weapon
 n - a scroll of immolation
 o - a scroll of fog {unknown}
 v - 3 scrolls of enchant armour
 y - a scroll of amnesia {unknown}
 z - 3 scrolls of teleportation {unknown}
 B - a scroll of blinking {unknown}
 D - a scroll of summoning {unknown}
 E - a scroll of poison {unknown}
Potions
 a - 2 potions of ambrosia
 c - a potion of lignification
 f - 2 potions of flight
 i - 6 potions of might {unknown}
 j - 5 potions of heal wounds
 p - 3 potions of haste {unknown}
 r - a potion of magic {unknown}
 u - 4 potions of curing
 w - a potion of invisibility
 x - a potion of mutation {unknown}
 A - a potion of cancellation


   Skills:
 + Level 4.9 Fighting
 + Level 5.4 Dodging
 + Level 3.1 Stealth
 + Level 2.0 Shields
 + Level 11.6 Unarmed Combat
 + Level 1.2 Spellcasting
 * Level 3.7 Translocations
 + Level 0.5 Transmutations
 * Level 3.2 Air Magic


You had 3 spell levels left.
You knew the following spells:

 Your Spells              Type           Power      Damage    Failure   Level
b - Beastly Appendage     Tmut           4%         N/A       19%         1
e - Vhi's Electric Charg  Tloc/Air       22%        N/A       17%         3
p - Passwall              Tmut/Erth      0%         N/A       32%         2
s - Wereblood             Tmut           2%         N/A       28%         2

Your spell library contained the following spells:

 Spells                   Type           Power      Damage    Failure   Level
 Sandblast                Erth           0%         2d4       24%         1
 Spider Form              Tmut/Pois      1%         N/A       54%         3
 Stone Arrow              Conj/Erth      0%         3d7       58%         3
 Tukima's Dance           Hex            0%         N/A       58%         3
 Passage of Golubria      Tloc           12%        N/A       45%         4
 Anguish                  Hex/Necr       0%         N/A       94%         4
 Cause Fear               Hex            0%         N/A       94%         4
 Arcjolt                  Conj/Air       2%         1d12      98%         5
 Yara's Violent Unravell  Hex/Tmut       0%         3d3       99%         5
 Plasma Beam              Fire/Air       2%         2x1d14    100%        6
 Enfeeble                 Hex            0%         N/A       100%        7


Dungeon Overview and Level Annotations

Branches:
Dungeon (8/15)             Temple (1/1) D:6         Ossuary (visited)
   Lair: D:8-11

Altars:
Ashenzari
Cheibriados
Dithmenos
Fedhas
Gozag
Hepliaklqana
Kikubaaqudgha
Makhleb
Nemelex Xobeh
Okawaru
Qazlal
Ru
Sif Muna
Trog
Uskayaw
Vehumet
Wu Jian
Xom
Yredelemnul
Zin
The Shining One


Innate Abilities, Weirdness & Mutations

You have temporarily grown beastly horns and talons.
You can breathe bolts of dispelling energy.
Your rich purple scales are hard. (AC +7)
You cannot fit into any form of body armour.
You are cold-blooded and may be slowed by cold attacks.


Message History

Press: ? - help, Shift-Dir - straight line, f - shadow imp
Aim: a shadow imp (moderately wounded, haloed, chance to affect: 57%)
The shadow imp suddenly stops moving!
Your kobold zombie hits the shadow imp but does no damage.
Really read the scroll of immolation?
As you read the scroll of immolation, it crumbles to dust.
The creatures around you are filled with an inner flame!
Your kobold brigand zombie hits the shadow imp.
Flame seeps out of the shadow imp.
The shadow imp is engulfed in blazing flames.
You feel a bit better.
The shadow imp explodes!
The fiery explosion engulfs the shadow imp!!
The fiery explosion engulfs the kobold zombie!!!
The fiery explosion engulfs the quasit!
The quasit resists.
Flame seeps out of the quasit.
The quasit is severely wounded.
The fiery explosion engulfs you.
The fiery explosion engulfs your kobold brigand zombie!
Flame seeps out of your kobold brigand zombie.
Your kobold brigand zombie is heavily damaged.
The fiery explosion engulfs your kobold zombie!!
Your kobold zombie explodes!
The fiery explosion engulfs your kobold zombie!!
The fiery explosion engulfs you!!!
Ouch! That really hurt!
* * * LOW HITPOINT WARNING * * *
The fiery explosion engulfs your kobold zombie!
The fiery explosion engulfs your kobold zombie!!
The fiery explosion engulfs your yak zombie!!
Flame seeps out of your yak zombie.
Your yak zombie is severely damaged.
Your kobold zombie explodes!
The fiery explosion engulfs the kobold brigand zombie!!
That felt strangely unrewarding.
The fiery explosion engulfs you!!
* * * LOW HITPOINT WARNING * * *
The kobold brigand zombie explodes!
The fiery explosion engulfs you!
You die...
Your body rises from the dead as a mindless zombie.

.:.#..........#
#....'.........
...#..........#
#....#.........
...#<.........#
####...#.........
...#...########
#..#...#......... ######## ..
####.)))ZZ.ZZ..... # .[Z##
...#.).Z#.Z..ZZ... #
∩÷ZZZ##§§#...Z######ZZ.. #
_÷ZZZ.#§§#...Z#....#ZZ.. #
÷ZZ5K5○@§#....'....#.Z.. #
.ZZZ5§#§§#...Z#....#Z.Z. #
..Z.Z #)Z#....######.... #
.... ##ZZ#...Z##...#.... # ##
...###ZZZ#....##...#.... #
#.##+++##.#ZZZ#.........#....
#
#..8...8.Z#.Z.#.........#....
#
#.......Z.#)..#.........#....
#
+......ZZ.')..#.........#....


You could see a kobold demonologist (inner flame), 2 quasits, a white imp
(summoned, inner flame), a yak zombie (inner flame), 7 kobold zombies, 7 kobold
skeletons, 2 friendly yak zombies, a friendly steam dragon zombie (inner flame),
3 friendly kobold zombies, a friendly orc zombie (inner flame), a friendly orc
warrior zombie (inner flame) and a friendly orc priest zombie (inner flame).

Vanquished Creatures
  3 yaks (D:8)
  A steam dragon (D:8)
  Edmund (D:4)
  A water moccasin (D:7)
  A sky beast (D:6)
  An ice beast (D:6)
  An orc warrior (D:8)
  5 ogres
  2 centaurs
  3 kobold brigands (D:8)
  A bullfrog (D:7)
  A gnoll sergeant (D:7)
  6 scorpions
  4 killer bees (D:7)
  2 howler monkeys
  A centaur zombie (Ossuary)
  4 hounds
  6 orc priests
  A jelly (D:7)
  A human zombie (Ossuary)
  An iguana (D:7)
  A gnoll bouda (D:4)
  12 orc wizards
  A sleepcap (D:7)
  Ijyb (D:3)
  5 mummies (Ossuary)
  4 adders
  6 gnolls
  4 shadow imps
  3 ufetubi
  5 worms
  4 dart slugs
  31 orcs
  7 endoplasms
  A giant cockroach (D:4)
  2 gnoll zombies (Ossuary)
  4 goblins
  4 hobgoblins
  2 jackals (D:2)
  30 kobolds
  3 quokkas
  9 ball pythons
  11 bats
  2 frilled lizards (D:1)
  10 kobold zombies
  An orc zombie (Ossuary)
  6 rats
216 creatures vanquished.

Vanquished Creatures (collateral kills)
  2 yaks (D:8)
  A water moccasin (D:7)
  A scorpion (D:7)
  3 gnolls (D:7)
  3 orcs
  2 kobolds (D:8)
12 creatures vanquished.

Vanquished Creatures (others)
  A scorpion zombie (D:6)
  A howler monkey zombie (D:8)
  2 orcs (D:8)
  A kobold zombie (D:8)
  8 orc zombies
13 creatures vanquished.

Grand Total: 241 creatures vanquished

Notes
Turn   | Place    | Note
-------+----------+-------------------------------------------
     0 | D:1      | Zigma the Draconian Monk began the quest for the Orb.
     0 | D:1      | Reached XP level 1. HP: 19/19 MP: 1/1
   105 | D:1      | Reached XP level 2. HP: 10/26 MP: 2/2
  1154 | D:2      | Reached XP level 3. HP: 31/31 MP: 3/3
  1341 | D:2      | Reached skill level 4 in Unarmed Combat
  1453 | D:2      | Learned a level 2 spell: Passwall
  1516 | D:2      | Reached XP level 4. HP: 39/39 MP: 4/4
  1526 | D:2      | Reached skill level 5 in Unarmed Combat
  1674 | D:2      | Found a faded altar of an unknown god.
  2137 | D:3      | Reached XP level 5. HP: 45/45 MP: 5/5
  2302 | D:3      | Noticed Ijyb
  2315 | D:3      | Paralysed by Ijyb for 2 turns
  2341 | D:3      | Killed Ijyb
  2963 | D:4      | Reached skill level 6 in Unarmed Combat
  3109 | D:4      | Reached XP level 6. HP: 46/52 MP: 6/6
  3236 | D:4      | Reached skill level 1 in Stealth
  3307 | D:4      | Learned a level 3 spell: Vhi's Electric Charge
  3473 | D:4      | Noticed Edmund
  3527 | D:5      | Entered Level 5 of the Dungeon
  3582 | D:5      | Reached skill level 7 in Unarmed Combat
  3582 | D:5      | Your scales start taking on a rich purple colour.
  3582 | D:5      | Reached XP level 7. HP: 22/58 MP: 7/7
  4027 | D:4      | Killed Edmund
  4028 | D:4      | Reached skill level 8 in Unarmed Combat
  4858 | D:6      | Reached XP level 8. HP: 66/66 MP: 8/8
  4984 | D:6      | Reached skill level 9 in Unarmed Combat
  5211 | D:6      | Found a staircase to the Ecumenical Temple.
  5226 | Temple   | Entered the Ecumenical Temple
  5639 | Temple   | Became a worshipper of Yredelemnul the Dark
  5639 | Temple   | Reached * piety under Yredelemnul
  5639 | Temple   | Reached ** piety under Yredelemnul
  5885 | D:6      | Reached skill level 1 in Shields
  5885 | D:6      | Reached skill level 10 in Unarmed Combat
  6639 | D:7      | Reached skill level 1 in Air Magic
  6639 | D:7      | Reached XP level 9. HP: 72/72 MP: 9/9
  6650 | D:7      | Reached skill level 1 in Translocations
  6674 | D:7      | Reached *** piety under Yredelemnul
  6718 | D:7      | Found a sand-covered staircase.
  6729 | Ossuary  | Entered an ossuary
  6843 | Ossuary  | Reached skill level 5 in Dodging
  7626 | D:8      | Learned a level 1 spell: Beastly Appendage
  7629 | D:8      | Learned a level 2 spell: Wereblood
  7814 | D:8      | Reached skill level 11 in Unarmed Combat
  8466 | D:8      | Reached XP level 10. HP: 58/80 MP: 0/11
  8470 | D:8      | Reached **** piety under Yredelemnul
  8596 | D:8      | Found a sacrificial altar of Ru.
  8696 | D:8      | Reached skill level 1 in Spellcasting
  8750 | D:8      | Reached ***** piety under Yredelemnul
  8769 | D:8      | Found an ancient bone altar of Kikubaaqudgha.
  8778 | D:8      | HP: 4/80 [spore (29)]
  8778 | D:8      | Killed by an exploding kobold brigand zombie... ignited by
                  | their inner flame

Illustrated notes

Levels and vault maps discovered:
D:1:      dpeg_arrival_round_a, layout_basic, kennysheep_pointless_box,
          minmay_tromino_mix6
D:2:      layout_basic, shapermc_ecumenical_altar_gd
D:3:      layout_rooms, minivault_14, corexii_hall_statues_i, uniq_ijyb
D:4:      layout_loops_ring, uniq_edmund
D:5:      layout_cave_pools
D:6:      layout_layer_cave, minmay_temple_entry_offerings
D:7:      layout_loops_ring, nicolae_ossuary_entry_ruins
D:8:      wander_kiku_kobolds, layout_gridville,
          mainiacjoe_overflow_cross_hatched
Temple:   mainiacjoe_temple_big_plus

Skill      XL: |  1  2  3  4  5  6  7  8  9 10 |
---------------+-------------------------------+-----
Dodging        | 3 4 5 |  5.4
Unarmed Combat | 4 5 6 7 8 10 11 | 11.6
Stealth        | 1 2 3 |  3.1
Fighting       | 4 |  4.9
Shields        | 1 2 |  2.0
Air Magic      | 1 3 |  3.2
Translocations | 3 |  3.7
Spellcasting   | 1 |  1.2
Transmutations | |  0.5

Action                     |  1- 3 |  4- 6 |  7- 9 | 10-12 || total
---------------------------+-------+-------+-------+-------++-------
  Melee: Unarmed           |   135 |   164 |   302 |    35 ||   636
         Tailslap          |    14 |    20 |    46 |     2 ||    82
         Punch             |       |       |     7 |       ||     7
         Kick              |       |       |     7 |     3 ||    10
         Headbutt          |       |       |     3 |     3 ||     6
   Cast: Wereblood         |       |       |     5 |     3 ||     8
         Beastly Appendage |       |       |     4 |     3 ||     7
         Vhi's Electric Ch |       |       |     1 |       ||     1
Ability: Breathe Dispellin |       |       |     9 |       ||     9
  Evoke: Wand              |       |       |     1 |     1 ||     2
    Use: Scroll            |     3 |     4 |     4 |     1 ||    12
         Potion            |     1 |     3 |     5 |       ||     9
   Stab: Invisible         |       |     6 |       |       ||     6
         Distracted        |       |       |     2 |     1 ||     3
         Paralysed         |       |       |     1 |       ||     1
         Sleeping          |       |       |     1 |       ||     1
 Armour: Skin              |    50 |    51 |    84 |    13 ||   198
  Dodge: Dodged            |    80 |    90 |   139 |    21 ||   330
  Block: Other             |       |       |    15 |       ||    15
         Orb               |       |       |    30 |     8 ||    38
         Reflection        |       |       |       |     1 ||     1

Table legend: (Time is in decaauts)
 A = Elapsed time spent in this place.
 B = Non-inter-level travel time spent in this place.
 C = Inter-level travel time spent in this place.
 D = Time resting spent in this place.
 E = Time spent auto-exploring this place.
 F = Levels seen in this place.
 G = Mean time per level.
                   A        B        C        D        E       F      G
               +--------+--------+--------+--------+--------+-----+--------+
         Total |   8697 |   8311 |    386 |      3 |   7017 |  10 |  869.7 |
       Dungeon |   8038 |   7709 |    329 |      3 |   6490 |   8 | 1004.8 |
        Temple |    435 |    378 |     57 |      0 |    373 |   1 |  435.0 |
       Ossuary |    223 |    223 |      0 |      0 |    154 |   1 |  223.0 |
               +--------+--------+--------+--------+--------+-----+--------+

Top non-repeatable levels by time:
     D:4: 1312 daAuts
     D:8: 1163 daAuts
     D:6: 1126 daAuts
     D:1: 1061 daAuts
     D:2: 1005 daAuts
     D:7: 815 daAuts
     D:5: 778 daAuts
     D:3: 774 daAuts
  Temple: 435 daAuts
 Ossuary: 223 daAuts
